 Dungeon Crawl Stone Soup version 0.22.1-1-ga44c0e5 (webtiles) character file.

67449 joejoepie the Fighter (level 15, -3/124 HPs)
             Began as a Human Berserker on Oct 28, 2018.
             Was a High Priest of Trog.
             Slain by a wolf spider (20 damage)
             ... on level 2 of the Lair of Beasts on Nov 10, 2018.
             The game lasted 03:10:01 (25785 turns).

joejoepie the Fighter (Human Berserker)            Turns: 25785, Time: 03:10:02

Health: -3/124     AC: 26    Str: 22    XL:     15   Next: 66%
Magic:  0/15       EV: 13    Int:  5    God:    Trog [*****.]
Gold:   786        SH: 17    Dex: 17    Spells: 14/14 levels left

rFire    + . .     SeeInvis +   a - +9 falchion (freeze) {My cold friend}
rCold    + + .     Gourm    .   W - +0 large shield of the Scribe {rF+ rC++ Int-3}
rNeg     + . .     Faith    .   p - +3 pearl dragon scales {Prideful victory}
rPois    +         Spirit   +   X - +1 helmet {SInv}
rElec    .         Reflect  .   I - +0 cloak
rCorr    .         Harm     .   t - +1 pair of gloves {archery}
MR       +....                  T - +1 pair of boots {Stlth+}
Stlth    +.........             K - amulet of guardian spirit
HPRegen  0.30/turn              n - ring of poison resistance
MPRegen  0.14/turn              H - +3 ring of strength

@: berserk cooldown, slowed, very slow
A: no striking features
a: Berserk, Trog's Hand, Brothers in Arms, Renounce Religion


You were on level 2 of the Lair of Beasts.
You worshipped Trog.
Trog was extremely pleased with you.
You were not hungry.

You visited 4 branches of the dungeon, and saw 23 of its levels.

You collected 2226 gold pieces.
You spent 1440 gold pieces at shops.

Inventory:

Hand Weapons
 a - a +9 falchion of freezing (weapon) {My cold friend}
 b - a +5 hunting sling of velocity
 d - a +0 great sword of flaming
 e - a +1 flail of holy wrath
 Q - a +6 blowgun
Missiles
 r - 188 sling bullets
 x - 45 poisoned needles
 S - 5 tomahawks of returning
 U - 6 poisoned tomahawks
 V - 22 tomahawks (quivered)
Armour
 p - +3 pearl dragon scales (worn) {Prideful victory}
 t - a +1 pair of gloves of archery (worn)
 C - a +2 helmet
 I - a +0 cloak (worn)
 T - a +1 pair of boots of stealth (worn)
 W - the +0 large shield of the Scribe (worn) {rF+ rC++ Int-3}
   (You bought it in a shop on level 2 of the Orcish Mines)

   It affects your intelligence (-3).
   It protects you from fire.
   It greatly protects you from cold.
 X - a +1 helmet of see invisible (worn)
Jewellery
 g - a +2 amulet of reflection
 n - a ring of poison resistance (left hand)
 u - a +2 ring of evasion
 v - a cursed -3 ring of slaying
 H - a +3 ring of strength (right hand)
 K - an amulet of guardian spirit (around neck)
 L - an uncursed ring of protection from fire
 R - an uncursed ring of protection from cold
Wands
 l - a wand of random effects (41)
 w - a wand of polymorph (27)
 D - a wand of iceblast (10)
 E - a wand of flame (50)
 F - a wand of paralysis (19)
Scrolls
 o - 6 scrolls of identify
 q - 8 scrolls of remove curse
 y - 2 scrolls of magic mapping
 A - a scroll of silence
 G - a scroll of enchant armour
 O - 2 scrolls of teleportation
 P - 2 scrolls of enchant weapon
 Z - a scroll of holy word
Potions
 h - 2 potions of ambrosia
 i - 3 potions of agility
 j - 2 potions of flight
 k - a potion of curing
 s - 4 potions of cancellation
 z - 4 potions of haste
 B - 2 potions of degeneration
 J - a potion of mutation
 Y - a potion of resistance
Miscellaneous
 f - a lightning rod (4/4)
 m - a sack of spiders
 M - a fan of gales
Comestibles
 c - 28 rations


   Skills:
 * Level 13.5 Fighting
 * Level 13.1 Long Blades
   Level 4.1 Axes
 + Level 9.6 Throwing
 + Level 9.9 Armour
 + Level 10.2 Dodging
 - Level 0.2 Stealth
 * Level 8.4 Shields


You had 14 spell levels left.
You didn't know any spells.
Your spell library was empty.

Dungeon Overview and Level Annotations

Branches:
Dungeon (15/15)            Temple (0/1) D:7            Lair (5/6) D:8
 Shoals (0/4) Lair:3       Spider (1/4) Lair:2        Slime (0/5) Lair:5
    Orc (2/2) D:10            Elf (0/3) Orc:2        Vaults (0/5) D:13
 Depths (0/5) D:15

Altars:
Nemelex Xobeh
Qazlal
Sif Muna
Xom
Beogh
Jiyva

Shops:
Orc:2 [?}(

Portals:
Trove: D:11 (show slimy rune of Zot)

Annotations:
D:13 2 transporters


Message History

There is a web, spattered with blood here.
You disentangle yourself.
You are no longer berserk.
You are exhausted.
You feel yourself slow down.
The wolf spider hits you but does no damage.
The wolf spider bites you but does no damage.
You feel better.
The wolf spider hits you but does no damage.
The wolf spider bites you!
* * * LOW HITPOINT WARNING * * *
You are lethally poisoned!
The wolf spider poisons you! You block the wolf spider's attack.
The wolf spider bites you!
* * * LOW HITPOINT WARNING * * *
The wolf spider closely misses you. x2
The moth of wrath bites you but does no damage.
You feel better. The wolf spider misses you.
You block the wolf spider's attack. The wolf spider hits you!!
You die...

#....### ##...# ##..###
#...# #.#..# #..P#
##..## ##.## #..# #..##
##.# #######..#
##.#####^##.##.##
##..#..ss>.'.##.#
#..###@y†.†≈..#.#
##.###.≈≈≈≈≈.####
#..##.#≈.≈≈..###
#.###...#..^#.^##
#...##.#...^#^..#
#...#.^.^.^.#...# ##
#.......#.#...#.#####.
##......#....^.....#P#.
#...##.#^...^#.........


You could see a wolf spider (berserk), a moth of wrath and a redback (berserk).

Vanquished Creatures
  Gastronok (Lair:2)
  Frances (D:13)
  A fire giant (D:15)
  Azrael (D:15)
  The ghost of Uwypaar the Peltast, a journeyman GrFi of the Shining One (Lair:5)
  2 hydras (Lair:3)
  A vault guard (D:13)
  3 two-headed ogres
  4 centaur warriors
  A tengu warrior (D:15)
  An orc high priest (Orc:2)
  A deep troll (D:13)
  2 unseen horrors
  Pikel (D:4)
  A wizard (D:14)
  16 ugly things
  7 orc knights
  6 cyclopes
  3 deep elf magi
  3 wolf spiders
  2 manticores
  An orb spider (Lair:2)
  A black mamba (Lair:5)
  Psyche (D:8)
  Maurice (D:9)
  A torpor snail (Lair:4)
  15 spiny frogs
  A gargoyle (D:15)
  2 kobold demonologists
  2 demonic crawlers (Lair:2)
  A redback zombie (D:15)
  An efreet (D:13)
  5 komodo dragons
  Prince Ribbit (D:6)
  A meliai zombie (D:14)
  11 blink frogs
  4 hornets
  5 trolls
  2 hippogriffs
  A redback (shapeshifter) (D:15)
  A wraith (D:13)
  30 yaks
  2 shadows
  A vampire (D:13)
  A tarantella (Lair:2)
  2 basilisks
  2 hungry ghosts (D:15)
  A wyvern (D:15)
  2 fire elementals (D:15)
  8 wargs
  An acid dragon (D:14)
  Duvessa (D:7)
  11 water moccasins
  12 porcupines
  3 hell hounds (D:15)
  42 orc warriors
  2 black bears
  A slave (D:4)
  A phantom (D:10)
  3 ice beasts
  4 sky beasts
  A necrophage (D:9)
  9 ogres
  4 wolves
  An eye of draining (D:10)
  6 crocodiles
  8 centaurs
  16 bullfrogs
  3 big kobolds
  Dowan (D:7)
  2 wyvern skeletons
  6 scorpions
  11 wights
  A howler monkey (D:12)
  An electric eel (Lair:1)
  3 centaur zombies
  6 crimson imps
  2 bullfrog zombies
  2 quasits
  17 orc priests
  A centaur skeleton (D:4)
  10 hounds
  3 jellies
  3 bullfrog skeletons
  35 orc wizards
  Jessica (D:3)
  3 iguanas
  12 worker ants
  A worker ant zombie (D:8)
  A howler monkey skeleton (D:7)
  3 gnolls (D:4)
  22 adders
  5 shadow imps
  3 oozes (Lair:5)
  An adder skeleton (D:6)
  2 adder zombies
  2 worms
  3 dart slugs
  6 leopard geckos
  100 orcs
  12 bats
  7 giant cockroaches
  5 goblins
  11 hobgoblins
  12 jackals
  28 kobolds
  6 quokkas
  A ball python (D:2)
  3 frilled lizards
  3 rats
652 creatures vanquished.

Vanquished Creatures (others)
  An unseen horror (D:14)
  A centaur skeleton (D:15)
  3 boggarts (D:14)
  An orc (D:4)
  7 fungi
  12 plants (Lair:5)
25 creatures vanquished.

Grand Total: 677 creatures vanquished

Notes
Turn   | Place    | Note
-------+----------+-------------------------------------------
     0 | D:1      | joejoepie the Human Berserker began the quest for the Orb.
     0 | D:1      | Reached XP level 1. HP: 18/18 MP: 1/1
   154 | D:1      | Reached XP level 2. HP: 20/24 MP: 2/2
   687 | D:1      | Reached XP level 3. HP: 28/29 MP: 3/3
  1127 | D:2      | Reached ** piety under Trog
  1162 | D:2      | Reached XP level 4. HP: 21/35 MP: 4/4
  1835 | D:3      | Reached XP level 5. HP: 41/41 MP: 5/5
  2010 | D:3      | Reached *** piety under Trog
  2033 | D:3      | Reached skill level 1 in Long Blades
  2034 | D:3      | Noticed Jessica
  2053 | D:3      | Killed Jessica
  2209 | D:4      | Noticed an ogre
  2215 | D:3      | Reached XP level 6. HP: 48/48 MP: 6/6
  2220 | D:3      | Reached skill level 1 in Throwing
  2813 | D:4      | Reached XP level 7. HP: 54/54 MP: 7/7
  3472 | D:4      | Noticed Pikel
  3846 | D:4      | Killed Pikel
  3846 | D:4      | Reached skill level 5 in Fighting
  3846 | D:4      | Reached XP level 8. HP: 34/63 MP: 8/8
  4385 | D:5      | Entered Level 5 of the Dungeon
  5385 | D:6      | Reached **** piety under Trog
  5553 | D:6      | Noticed Prince Ribbit
  5589 | D:5      | Reached skill level 5 in Long Blades
  5589 | D:5      | Reached XP level 9. HP: 64/69 MP: 9/9
  5751 | D:6      | Killed Prince Ribbit
  5951 | D:6      | Reached skill level 5 in Dodging
  6056 | D:7      | Found a staircase to the Ecumenical Temple.
  6253 | D:7      | Noticed Dowan
  6258 | D:7      | Noticed Duvessa
  6597 | D:7      | Reached skill level 5 in Armour
  6644 | D:7      | Killed Duvessa
  6652 | D:7      | Killed Dowan
  6735 | D:7      | Reached XP level 10. HP: 79/79 MP: 10/10
  7062 | D:8      | Noticed Psyche
  7070 | D:8      | Killed Psyche
  7235 | D:8      | Found a staircase to the Lair.
  7248 | Lair:1   | Entered Level 1 of the Lair of Beasts
  7248 | Lair:1   | Noticed a komodo dragon
  7396 | D:8      | Paralysed by a hornet for 3 turns
  7622 | D:8      | Reached ***** piety under Trog
  7737 | D:8      | Reached skill level 5 in Throwing
  7751 | D:8      | lol fag
  8434 | D:9      | Reached XP level 11. HP: 67/86 MP: 11/11
  8489 | D:9      | Received a gift from Trog
  8630 | D:9      | Found a sparkling altar of Nemelex Xobeh.
  8804 | D:9      | Noticed a two-headed ogre
  9051 | D:9      | Found a deep blue altar of Sif Muna.
  9113 | D:9      | Noticed Maurice
  9130 | D:9      | Paralysed by something for 5 turns
  9151 | D:9      | Killed Maurice
  9281 | D:10     | Entered Level 10 of the Dungeon
  9328 | D:10     | Noticed a two-headed ogre
  9342 | D:10     | Noticed a glowing orange brain
  9342 | D:10     | a two-headed ogre changed into a glowing orange brain
 10127 | D:10     | Found a staircase to the Orcish Mines.
 10409 | D:11     | Noticed a cyclops
 10653 | Orc:1    | Entered Level 1 of the Orcish Mines
 11096 | Orc:2    | Entered Level 2 of the Orcish Mines
 11139 | Orc:2    | Noticed an orc knight
 11485 | D:11     | Noticed a green ugly thing
 11491 | D:11     | Killed a green ugly thing
 11567 | D:11     | Noticed a two-headed ogre
 11582 | D:11     | Killed a two-headed ogre
 11828 | D:11     | Reached skill level 10 in Fighting
 11887 | D:11     | Noticed a manticore
 11897 | D:11     | Killed a manticore
 11897 | D:11     | Reached XP level 12. HP: 75/97 MP: 12/12
 12124 | D:11     | Found a stormy altar of Qazlal.
 12293 | D:11     | Noticed a two-headed ogre
 12304 | D:11     | Killed a two-headed ogre
 12396 | D:11     | Found a portal to a secret trove of treasure.
 12725 | D:12     | Received a gift from Trog
 12825 | D:12     | Got a crude rapier
 12826 | D:12     | Identified the +4 rapier "Opiw" {pain, rPois Str-4 Int+7
                  | Stlth+} (You found it on level 12 of the Dungeon)
 13040 | D:12     | Reached skill level 10 in Long Blades
 13759 | Orc:2    | Received a gift from Trog
 14101 | Orc:2    | Found a roughly hewn altar of Beogh.
 14158 | Orc:2    | Found Xiruka's Armour Emporium.
 14158 | Orc:2    | Found Xeicamax's Magic Scroll Shop.
 14169 | Orc:2    | Bought a +1 pair of boots of stealth for 181 gold pieces
 14169 | Orc:2    | Bought the cursed +0 large shield of the Scribe {rF+ rC++
                  | Int-3} for 293 gold pieces
 14169 | Orc:2    | Bought a +1 helmet of see invisible for 181 gold pieces
 14193 | Orc:2    | Bought a scroll of enchant armour for 97 gold pieces
 14193 | Orc:2    | Bought a scroll of fear for 45 gold pieces
 14193 | Orc:2    | Bought a scroll of holy word for 97 gold pieces
 14193 | Orc:2    | Bought a scroll of identify for 26 gold pieces
 14568 | Orc:2    | Noticed an orc high priest
 14574 | Orc:2    | Reached skill level 1 in Shields
 14576 | Orc:2    | Noticed a soul eater
 14587 | Orc:2    | Killed an orc high priest
 14587 | Orc:2    | Reached XP level 13. HP: 106/106 MP: 13/13
 15558 | Orc:2    | Received a gift from Trog
 15634 | Orc:2    | Found Pyopn's Gadget Emporium.
 15634 | Orc:2    | Found Teluy's Antique Weapon Shop.
 15657 | Orc:2    | Bought a lightning rod (4/4) for 520 gold pieces
 15686 | Orc:2    | Found a staircase to the Elven Halls.
 17436 | Lair:2   | Noticed Gastronok
 17499 | Lair:2   | Killed Gastronok
 18219 | Lair:2   | Found a hole to the Spider Nest.
 18784 | Lair:3   | Noticed a four-headed hydra
 18802 | Lair:3   | Killed a four-headed hydra
 18958 | Lair:3   | Reached skill level 5 in Shields
 19065 | Lair:3   | Found a staircase to the Shoals.
 19371 | Lair:3   | Reached XP level 14. HP: 115/115 MP: 14/14
 20165 | Lair:4   | You fall through a shaft!
 20342 | Lair:5   | Found a runed door.
 20342 | Lair:5   | Noticed Uwypaar's ghost (journeyman GrFi)
 20453 | Lair:5   | Killed Uwypaar's ghost
 21435 | Lair:5   | Found a runed door.
 21436 | Lair:5   | Found a viscous altar of Jiyva.
 21438 | Lair:5   | Found a staircase to the Slime Pits.
 22176 | D:13     | Found a transporter.
 22202 | D:13     | Found a transporter.
 22202 | D:13     | Noticed Frances
 22247 | D:13     | Found a gate to the Vaults.
 22586 | D:13     | Received a gift from Trog
 22800 | D:13     | Killed Frances
 23138 | D:13     | Found a shimmering altar of Xom.
 23461 | D:15     | Entered Level 15 of the Dungeon
 23693 | D:14     | Reached XP level 15. HP: 122/122 MP: 15/15
 24064 | D:14     | Received a gift from Trog
 24641 | D:15     | Reached skill level 10 in Dodging
 24711 | D:15     | Noticed a fire giant
 24732 | D:15     | Killed a fire giant
 24744 | D:15     | Found a staircase to the Depths.
 25005 | D:15     | Noticed Azrael
 25032 | D:15     | Killed Azrael
 25744 | Spider:1 | Entered Level 1 of the Spider Nest
 25784 | Lair:2   | HP: 6/124 [wolf spider (8)]
 25785 | Lair:2   | Slain by a wolf spider

Skill      XL: |  1  2  3  4  5  6  7  8  9 10 11 12 13 14 15 |
---------------+----------------------------------------------+-----
Axes           | 4 |  4.1
Dodging        | 3 4 5 6 7 8 9 10 | 10.2
Long Blades    | 1 2 4 5 6 8 9 10 11 12 13 | 13.1
Throwing       | 1 2 3 4 5 6 7 8 9 |  9.6
Fighting       | 4 5 6 7 8 10 11 12 13 | 13.5
Armour         | 3 4 5 6 7 8 9 |  9.9
Shields        | 1 5 7 8 |  8.4
Stealth        | |  0.2

Action                   |  1- 3 |  4- 6 |  7- 9 | 10-12 | 13-15 || total
-------------------------+-------+-------+-------+-------+-------++-------
Melee: Hand axe          |   106 |    11 |    16 |       |       ||   133
       Long sword        |       |   174 |   282 |       |       ||   456
       Falchion          |       |       |    47 |   693 |  1317 ||  2057
       Flail             |       |       |       |       |    18 ||    18
 Fire: Hunting sling     |       |       |       |    36 |    65 ||   101
Throw: Tomahawk          |       |       |    26 |    92 |    88 ||   206
       Stone             |       |       |    59 |    59 |       ||   118
Invok: Berserk           |     1 |     2 |     4 |     3 |     6 ||    16
       Trog's Hand       |       |       |     1 |     2 |       ||     3
       Brothers in Arms  |       |       |       |       |     1 ||     1
Evoke: Wand              |       |       |       |     4 |       ||     4
       Lightning rod     |       |       |       |       |     4 ||     4
       Sack of spiders   |       |       |       |       |    11 ||    11
  Use: Potion            |     5 |     2 |     6 |     2 |     8 ||    23
       Scroll            |     2 |     4 |     6 |    15 |    13 ||    40
 Stab: Sleeping          |     1 |       |       |       |       ||     1
  Eat: Chunk             |     1 |     9 |    10 |    18 |    29 ||    67
       Ration            |       |       |     2 |     3 |     5 ||    10
Armor: Animal skin       |    29 |       |       |       |       ||    29
       Ring mail         |    28 |     5 |       |       |       ||    33
       Pearl dragon scal |       |   123 |   167 |   271 |   557 ||  1118
       Chain mail        |       |    13 |       |       |       ||    13
Dodge: Dodged            |   106 |   135 |   200 |   337 |   376 ||  1154
Block: Large shield      |       |       |       |     7 |   911 ||   918
       Rpst.: Long sword |       |    43 |    51 |       |       ||    94
       Falchion          |       |       |    16 |   106 |    71 ||   193
